 Dungeon Crawl Stone Soup version 0.24.0-37-gcf1ca852f1 (webtiles) character file.

Game seed: 17525558388116127478, levelgen mode: deterministic

40 grindst0ne the Ducker (level 3, -5/28 HPs)
             Began as a Vampire Gladiator on Nov 22, 2019.
             Slain by a scorpion (8 damage)
             ... on level 2 of the Dungeon.
             The game lasted 00:01:22 (841 turns).

grindst0ne the Ducker (Vampire Gladiator)            Turns: 841, Time: 00:01:23

Health: -5/28      AC:  5    Str: 14    XL:     3   Next: 30%
Magic:  3/3        EV: 13    Int: 10    God:
Gold:   53         SH:  0    Dex: 15    Spells: 2/2 levels left

rFire    . . .     SeeInvis +   a - +0 long sword
rCold    . . .     Gourm    .   (no shield)
rNeg     . . .     Faith    .   b - +0 leather armour
rPois    .         Spirit   .   c - +0 helmet
rElec    .         Reflect  .   (no cloak)
rCorr    .         Harm     .   (no gloves)
MR       .....                  (no boots)
Stlth    +.........             (no amulet)
HPRegen  0.29/turn              f - +1 ring of protection
MPRegen  0.08/turn              (no ring)

@: lethally poisoned (-5 -> -15), regenerating quickly
A: no food, fangs 3, see invisible, unbreathing
a: Exsanguinate


You were on level 2 of the Dungeon.
You were alive.

You visited 1 branch of the dungeon, and saw 2 of its levels.

You collected 53 gold pieces.

Inventory:

Hand Weapons
 a - a +0 long sword (weapon)
Missiles
 d - 3 throwing nets (quivered)
 k - 8 javelins
Armour
 b - a +0 leather armour (worn)
 c - a +0 helmet (worn)
Jewellery
 f - a +1 ring of protection (left hand)
Scrolls
 e - 2 scrolls of remove curse {unknown}
 g - 2 scrolls of identify {unknown}
 h - 2 scrolls of amnesia {unknown}
Potions
 i - 2 potions of mutation {unknown}
 j - a potion of flight {unknown}


   Skills:
 + Level 2.4 Fighting
 + Level 3.5 Long Blades
 - Level 1.5 Throwing
 + Level 3.9 Dodging


You had 2 spell levels left.
You didn't know any spells.
Your spell library was empty.

Dungeon Overview and Level Annotations

Branches:
Dungeon (2/15)

Altars:


Innate Abilities, Weirdness & Mutations

You do not eat.
Your natural rate of healing is unusually fast.
You have razor-sharp teeth.
You have supernaturally acute eyesight. (SInv)
You can survive without breathing.


Message History

The scorpion is moderately wounded.
The scorpion stings you but does no damage.
You feel sick.
You feel sick.
You hit the scorpion.
The scorpion is heavily wounded.
You feel sick. The scorpion closely misses you.
You riposte.
You closely miss the scorpion. You bite the scorpion.
The scorpion is severely wounded.
You barely miss the scorpion. You bite the scorpion.
The scorpion is severely wounded.
You feel sick. The scorpion stings you.
* * * LOW HITPOINT WARNING * * *
You are lethally poisoned!
The scorpion poisons you! The scorpion barely misses you.
You closely miss the scorpion.
The scorpion is severely wounded.
* * * LOW HITPOINT WARNING * * *
You feel sick. The giant cockroach barely misses you. The scorpion stings you!
You die...

#.....<...# #..........
#.......... ..#
###.......... ..#
#....[....... ..# #.#
#...# #.# #.# #..## .
#(###.# #s.#
.#######.##..###@.###..
..#...##.##.#..>.s......
.......#......>.........
............####..#.....
(.......###....#..#.....
........######..[.#.....
..........# .#.. ....
......###.... ....# ...
.....### #... ...


You could see a scorpion and a giant cockroach.

Vanquished Creatures
  2 dart slugs (D:1)
  3 leopard geckos (D:1)
  3 bats (D:1)
  2 giant cockroaches (D:1)
  6 goblins (D:1)
  4 hobgoblins (D:1)
  A ball python (D:2)
  3 frilled lizards (D:1)
  7 kobolds (D:1)
31 creatures vanquished.

Notes
Turn   | Place    | Note
-------+----------+-------------------------------------------
     0 | D:1      | grindst0ne the Vampire Gladiator began the quest for the
                  | Orb.
     0 | D:1      | Reached XP level 1. HP: 16/16 MP: 1/1
   157 | D:1      | Reached XP level 2. HP: 22/22 MP: 2/2
   431 | D:1      | Reached XP level 3. HP: 22/27 MP: 3/3
   826 | D:2      | Noticed a scorpion
   841 | D:2      | Slain by a scorpion

Levels and vault maps discovered:
D:1:      erik_arrival_cave_to_civilisation [erik_arrival_cave_to_temple],
          layout_basic
D:2:      layout_rooms, okawaru_altar_gauntlet_db

Skill      XL: |  1 |
---------------+----+-----
Fighting       | 2 |  2.4
Long Blades    | |  3.5
Throwing       | |  1.5
Dodging        | |  3.9

Action                   || total
-------------------------++-------
Melee: Long sword        ||    78
       Bite              ||     7
 Stab: Sleeping          ||     1
Armor: Leather armour    ||    20
Dodge: Dodged            ||    65
       Rpst.: Long sword ||    21
